 Dungeon Crawl Stone Soup version 0.29-a0-878-g7b45a56547 (webtiles) character file.

Game seed: 2949348451026212819

84 LynnLen the Sneak (level 4, -1/25 HPs)
             Began as a Vampire Enchanter on July 19, 2022.
             Killed by divine providence
             ... invoked by an orc priest
              (15 damage)
             ... on level 4 of the Dungeon.
             The game lasted 00:06:51 (3513 turns).

LynnLen the Sneak (Vampire Enchanter)               Turns: 3513, Time: 00:06:53

Health: -1/25      AC:  4    Str:  7    XL:     4   Next: 23%
Magic:  7/7        EV: 12    Int: 17    God:
Gold:   198        SH:  0    Dex: 16    Spells: 7/7 levels left

rFire   . . .      SeeInvis +   a - +1 dagger
rCold   + + .      Faith    .   (no shield)
rNeg    + + +      Spirit   .   f - +0 leather armour
rPois   ∞          Reflect  .   j - +0 helmet
rElec   .          Harm     .   (no cloak)
rCorr   .          Rampage  .   (no gloves)
Will    .....                   (no boots)
Stlth   +++++.....              (no amulet)
HPRegen 0.00/turn               (no ring)
MPRegen 0.10/turn               (no ring)

@: bloodless, inhibited regen
A: bloodless, fangs 3, see invisible, vampiric 2
a: Bat Form, Revivify


You were on level 4 of the Dungeon.
You visited 1 branch of the dungeon, and saw 4 of its levels.

You collected 198 gold pieces.

Inventory:

Hand Weapons
 a - a +1 dagger (weapon)
Missiles
 i - 5 poisoned darts (quivered)
Armour
 b - a +0 robe
 f - a +0 leather armour (worn)
 j - a +0 helmet (worn)
Scrolls
 g - 3 scrolls of teleportation
 l - a scroll of noise {unknown}
 o - a scroll of poison {unknown}
 p - a scroll of enchant armour {unknown}
 q - 5 scrolls of fog {unknown}
 r - a scroll of enchant weapon {unknown}
 s - a scroll of vulnerability {unknown}
 t - a scroll of summoning {unknown}
 v - a scroll of blinking {unknown}
Potions
 c - 2 potions of invisibility
 d - 3 potions of flight
 e - a potion of ambrosia {unknown}
 h - 5 potions of curing
 k - 3 potions of attraction
 m - 2 potions of brilliance {unknown}
 n - 2 potions of heal wounds {unknown}
 u - a potion of resistance {unknown}


   Skills:
 * Level 1.1 Fighting
 * Level 3.1 Short Blades
 + Level 2.6 Dodging
 + Level 5.6 Stealth
 - Level 2.0 Spellcasting
 - Level 4.4 Hexes


You had 7 spell levels left.
You didn't know any spells.
Your spell library contained the following spells:

 Spells                   Type           Power      Damage    Failure   Level
 Confusing Touch          Hex            16%        N/A       14%         3
 Tukima's Dance           Hex            16%        N/A       14%         3
 Ensorcelled Hibernation  Hex/Ice        18%        N/A       19%         2
 Necrotise                Necr           4%         1d4       28%         1
 Dazzling Flash           Conj/Hex       18%        N/A       34%         3
 Vampiric Draining        Necr           1%         2d6       65%         3
 Agony                    Necr           1%         N/A       100%        5


Dungeon Overview and Level Annotations

Branches:
Dungeon (4/15)
 Temple: D:4-7

Altars:


Innate Abilities, Weirdness & Mutations

You do not regenerate when monsters are visible.
You are frail without blood (-20% HP).
You can heal yourself when you bite living creatures.
You are immune to poison.
You have razor-sharp teeth.
You have supernaturally acute eyesight. (SInv)
You are afflicted with vampirism and can become a bat while bloodless.


Message History

The hobgoblin hits you but does no damage.
You see here a +0 short sword.
You hit the hobgoblin.
The hobgoblin is severely wounded.
The hobgoblin hits you.
You hit the hobgoblin.
The hobgoblin is almost dead.
The hobgoblin closely misses you.
You hit the hobgoblin but do no damage.
The hobgoblin is almost dead.
The hobgoblin hits you but does no damage.
You closely miss the hobgoblin.
The hobgoblin is almost dead.
The hobgoblin misses you.
You barely miss the hobgoblin. You bite the hobgoblin.
You kill the hobgoblin!
You see here a hobgoblin corpse.
Found a robe.
You see here a +0 robe.
u - a smoky green potion An orc comes into view.
It is wielding a +0 dagger.
An orc is nearby!
An orc is nearby!
An orc is nearby!
A goblin comes into view. It is wielding a +0 dagger.
The goblin shouts!
You hear a shout! x2
An orc wizard comes into view. It is wielding a +0 dagger.
The orc shouts!
An orc priest comes into view.
It is wielding a +1 short sword of draining.
You barely miss the orc wizard.
The orc wizard points at you and mumbles some strange words.
The magic dart hits you! The goblin misses you.
The orc priest attacks as you move away!
The orc priest misses you. The goblin attacks as you move away!
The goblin hits you with a +0 dagger.
The orc priest invokes the aid of Beogh against you.
Beogh smites you!
Ouch! That really hurt!
You die...

.........# #.####.#...#.#
#.......####.#.......##.#
#...#...........#.......#
##†###..........###.#####
.#<#
#..............######
.###
#..........##.......# .#
.......oog.#####.# .#
......#.......# .# .....
#@###.### .# #### #.# ...
.# #.# ### ## #.# #.# #.#
#.# #.#


You could see an orc priest, an orc wizard and a goblin.

Vanquished Creatures
  2 adders
  An ufetubus (D:4)
  3 worms (D:2)
  A dart slug (D:1)
  4 bats
  5 endoplasms
  3 giant cockroaches
  5 goblins
  6 hobgoblins
  3 jackals (D:4)
  4 kobolds
  2 quokkas (D:2)
  4 ball pythons
  2 frilled lizards
  A rat (D:1)
46 creatures vanquished.

Notes
Turn   | Place    | Note
-------+----------+-------------------------------------------
     0 | D:1      | LynnLen the Vampire Enchanter began the quest for the Orb.
     0 | D:1      | Reached XP level 1. HP: 13/13 MP: 3/3
   192 | D:1      | Found a faded altar of an unknown god.
   274 | D:1      | Reached XP level 2. HP: 13/16 MP: 5/5
   789 | D:1      | Reached skill level 5 in Stealth
  1441 | D:2      | Gained mutation: You are afflicted with vampirism and can
                  | become a bat while bloodless. [Vampire growth]
  1441 | D:2      | Reached XP level 3. HP: 20/20 MP: 6/6
  1894 | D:2      | Reached skill level 1 in Fighting
  3020 | D:3      | Reached XP level 4. HP: 25/25 MP: 7/7
  3513 | D:4      | Killed from afar by an orc priest

Illustrated notes

Levels and vault maps discovered:
D:1:      lemuel_arrival_muddy, layout_basic,
          hellmonk_ecumenical_altar_arch_garden
D:2:      layout_basic
D:3:      layout_loops_cross, minmay_statues_item, grunt_ministairs_7
D:4:      layout_basic, kennysheep_small_square

Skill      XL: |  1  2  3  4 |
---------------+-------------+-----
Stealth        | 5 |  5.6
Short Blades   | 2 3 |  3.1
Fighting       | 1 |  1.1
Dodging        | |  2.6
Spellcasting   | |  2.0
Hexes          | |  4.4

Action                   |  1- 3 |  4- 6 || total
-------------------------+-------+-------++-------
Melee: Dagger            |   132 |    48 ||   180
       Punch             |     5 |       ||     5
       Bite              |    15 |     9 ||    24
 Abil: Exsanguinate      |     1 |       ||     1
  Use: Scroll            |     3 |     1 ||     4
 Stab: Sleeping          |    17 |     1 ||    18
Armor: Leather armour    |    34 |    16 ||    50
       Robe              |     2 |       ||     2
Dodge: Dodged            |    64 |    25 ||    89

Table legend: (Time is in decaauts)
 A = Elapsed time spent in this place.
 B = Non-inter-level travel time spent in this place.
 C = Inter-level travel time spent in this place.
 D = Time resting spent in this place.
 E = Time spent auto-exploring this place.
 F = Levels seen in this place.
 G = Mean time per level.
                   A        B        C        D        E       F      G
               +--------+--------+--------+--------+--------+-----+--------+
         Total |   3496 |   3496 |      0 |    520 |   1454 |   4 |  874.0 |
       Dungeon |   3496 |   3496 |      0 |    520 |   1454 |   4 |  874.0 |
               +--------+--------+--------+--------+--------+-----+--------+

Top non-repeatable levels by time:
     D:2: 1553 daAuts
     D:1: 1131 daAuts
     D:3: 579 daAuts
     D:4: 233 daAuts
